 Dungeon Crawl Stone Soup version 0.31.0-12-g77e489cdc1 (webtiles) character file.

Game seed: 11047729043811403929

33323 Killerpretzel the Mimic (level 13, 0/207 HPs)
             Began as an Octopode Shapeshifter on Mar 6, 2024.
             Was a High Priest of Vehumet.
             Slain by an ogre
             ... wielding a +0 giant club
              (8 damage)
             ... on level 2 of the Orcish Mines.
             The game lasted 00:45:56 (17132 turns).

Killerpretzel the Mimic (Octopode Shapeshifter)    Turns: 17132, Time: 00:45:57

Health: 0/207      AC: 34    Str: 26    XL:     13   Next: 70%
Magic:  12/13      EV:  2    Int: 13    God:    Vehumet [*****.]
Gold:   1152       SH:  6    Dex: 27    Spells: 11/12 levels left

rFire   . .          .
                       - Unarmed
rCold   . . .        W - +0 buckler
rNeg    . . .        (helmet currently unavailable)
rPois   +            K - amulet of regeneration
rElec   .            h - +4 ring of protection
rCorr   +            V - +6 ring of strength
SInv    .            z - +4 ring of protection
Will    .....        F - ring of resist corrosion Stlth
                     G - +6 ring of strength
HPRegen 1.34/turn    T - +5 ring of evasion
MPRegen 0.13/turn    I - +6 ring of dexterity
                     N - +6 ring of dexterity

%: random rage (3%)
@: berserking, tree-form, silenced, spiked, invisible, very quick
A: stationary, stasis, torment immunity, boosted hp, almost no armour,
(amphibious), 8 rings, (camouflage 1), (gelatinous body 1), (nimble swimmer 1),
(tentacles), berserk 1
a: Renounce Religion


You were on level 2 of the Orcish Mines.
You worshipped Vehumet.
Vehumet was extremely pleased with you.
You were a tree.
You visited 4 branches of the dungeon, and saw 20 of its levels.
You also visited: Sewer and Ossuary.

You collected 1152 gold pieces.

Inventory:

Missiles
 o - 4 throwing nets
 u - 23 boomerangs (quivered)
Armour
 W - a +0 buckler (worn)
Jewellery
 h - a +4 ring of protection (left branch)
 j - a ring of positive energy
 z - a +4 ring of protection (on tentacle)
 B - a ring of fire
 E - a ring of fire
 F - a ring of resist corrosion (on tentacle)
 G - a +6 ring of strength (on tentacle)
 I - a +6 ring of dexterity (on tentacle)
 K - an amulet of regeneration (around neck)
 N - a +6 ring of dexterity (on tentacle)
 P - a +6 ring of intelligence
 T - a +5 ring of evasion (on tentacle)
 V - a +6 ring of strength (right branch)
Talismans
 b - a beast talisman (active)
 c - a flux talisman
 A - a storm talisman
Wands
 D - a wand of digging (5)
 H - a wand of flame (30)
 J - a wand of charming (16)
Scrolls
 a - a scroll of teleportation
 e - 7 scrolls of noise
 v - 3 scrolls of poison
 w - a scroll of enchant armour
 x - 6 scrolls of vulnerability
 y - 3 scrolls of enchant weapon
 C - 4 scrolls of brand weapon
 L - 4 scrolls of fog
 M - a scroll of blinking
 Q - a scroll of silence
 R - a scroll of summoning
 S - a scroll of amnesia
Potions
 d - 3 potions of might
 f - a potion of ambrosia
 i - a potion of invisibility
 k - 4 potions of brilliance
 l - 3 potions of mutation
 m - a potion of resistance
 n - 6 potions of curing
 p - 3 potions of enlightenment
 q - 4 potions of magic
 r - 3 potions of cancellation
 s - 2 potions of haste


   Skills:
 + Level 9.9 Fighting
 + Level 10.2 Dodging
 + Level 2.8 Shields
 + Level 10.1 Unarmed Combat
 + Level 7.6 Translocations
 * Level 13.0 Shapeshifting


You had 11 spell levels left.
You knew the following spells:

 Your Spells              Type           Power      Damage    Failure   Level
a - Apportation           Tloc           38%        N/A       1%          1

Your spell library contained the following spells:

 Spells                   Type           Power      Damage    Failure   Level
 Iskenderun's Battlesphe  Conj           0%         2d6       91%         5
 Foxfire                  Conj/Fire      0%         2x1d4     11%         1
 Freeze                   Ice            0%         1d3       11%         1
 Sandblast                Erth           0%         2d4       11%         1
 Sting                    Conj/Alch      0%         1d3       11%         1
 Scorch                   Fire           0%         2d5       16%         2
 Frozen Ramparts          Ice            0%         1d1       28%         3
 Hailstorm                Conj/Ice       0%         3d5       28%         3
 Stone Arrow              Conj/Erth      0%         3d7       28%         3
 Necrotise                Necr           0%         1d4       36%         1
 Summon Small Mammal      Summ           0%         N/A       36%         1
 Ensorcelled Hibernation  Hex/Ice        0%         N/A       50%         2
 Dimensional Bullseye     Hex/Tloc       4%         N/A       61%         4
 Brom's Barrelling Bould  Conj/Erth      0%         2d3       63%         4
 Flame Wave               Conj/Fire      0%         2d4       63%         4
 Call Canine Familiar     Summ           0%         N/A       73%         3
 Fugue of the Fallen      Necr           0%         N/A       73%         3
 Passwall                 Erth           0%         N/A       73%         3
 Sigil of Binding         Hex            0%         N/A       73%         3
 Swiftness                Air            0%         N/A       73%         3
 Summon Forest            Summ/Tloc      4%         N/A       91%         5
 Anguish                  Hex/Necr       0%         N/A       98%         4
 Summon Blazeheart Golem  Fire/Summ      0%         N/A       98%         4
 Summon Mana Viper        Hex/Summ       0%         N/A       100%        5
 Plasma Beam              Fire/Air       0%         2x1d10    100%        6
 Starburst                Conj/Fire      0%         6d3       100%        6
 Summon Cactus Giant      Summ           0%         N/A       100%        6


Dungeon Overview and Level Annotations

Branches:
Dungeon (13/15)            Temple (1/1) D:6            Lair (4/5) D:9
 Shoals (0/4) Lair:2        Snake (0/4) Lair:3          Orc (2/2) D:9
    Elf (0/3) Orc:2        Vaults (0/5) D:13          Sewer (visited)
Ossuary (visited)
  Slime: Lair:4-5

Altars:
Ashenzari
Cheibriados
Dithmenos
Elyvilon
Fedhas
Gozag
Hepliaklqana
Kikubaaqudgha
Makhleb
Nemelex Xobeh
Okawaru
Qazlal
Ru
Sif Muna
Trog
Uskayaw
Vehumet
Wu Jian
Xom
Yredelemnul
Zin
The Shining One

Annotations:
D:2 1 runed translucent door, Crazy Yiuf
D:7 exclusion: 3 doors
D:10 1 runed translucent door
Lair:2 Urug
Lair:3 2 transporters


Innate Abilities, Weirdness & Mutations

You are a tree.
Your roots penetrate the ground, keeping you stationary.
You cannot be teleported.
You are immune to unholy pain and torment.
Your maximum health is greatly increased.
You cannot wear most types of armour.
((You are amphibious.))
You can wear up to eight rings at the same time.
((Your skin changes colour to match your surroundings (Stealth+).))
((Your rubbery body absorbs attacks. (AC +1, EV +1)))
((You are camouflaged when in or above water. (Stealth+)))
((You have tentacles for arms and can constrict up to eight enemies at once.))
You sometimes lose your temper in combat.


Message History

The orc knight unwields a +2 long sword of holy wrath.
It stops glowing.
The orc knight wields a +0 arbalest.
The orc knight shoots a bolt.
The bolt hits the orc wizard!!
The orc wizard dies!
The orc knight shoots a bolt.
The bolt hits the orc high priest!!
A red film seems to cover your vision as you go berserk!
You feel yourself moving faster!
You feel mighty!
You catch the helpless orc priest completely off-guard!
You thrash the orc priest!!!
You kill the orc priest!
Vehumet accepts your kill.
You feel your power returning. You block the chaos spawn's attack.
The neqoxec hits you but does no damage.
You block the red devil's attack.
The red devil hits you but does no damage.
The ice devil hits you.
* * * LOW HITPOINT WARNING * * *
The ice devil freezes you!!
* * * LOW HITPOINT WARNING * * *
The orc high priest hits you but does no damage.
You writhe in agony.
* * * LOW HITPOINT WARNING * * *
An orc high priest comes into view. It is wielding a +0 battleaxe.
You strike the helpless orc priest from behind!
You smack the orc priest!
The orc priest is severely wounded.
The orc knight shoots a bolt.
The bolt hits the orc priest!!
The orc priest dies!
The orc knight shoots a bolt.
The bolt hits the orc high priest!
The orc high priest dies!
The ice devil disappears in a puff of smoke!
The neqoxec disappears in a puff of smoke!
The orange demon barely misses you.
The chaos spawn touches you but does no damage.
The red devil hits you from afar with a +0 trident.
* * * LOW HITPOINT WARNING * * *
Barbed spikes become lodged in your body.
The red devil barely misses you.
You barely miss the ogre. The ogre hits you with a +0 giant club!
You die...

#.# .#... #.... ...... .#
......###########.#
#...$.......o.o.....$
#.......4..o........
#....$o§oo..#o.......
##.....♣)o.4...........
##.....4O§)o#.#.........
##.......o44.##....#.....
####.............##.......
.......$...............#.#
................#...)...##
..................#.#<...##
.....................##...#
..................#.##.#...#


You could see 3 orc knights, 2 orc high priests, an orange demon (summoned,
unable to see you), an ice devil (summoned, unable to see you), 2 orc sorcerers,
2 red devils, a chaos spawn (summoned, unable to see you), an ogre (unable to
see you), 2 orc priests and an orc wizard (unable to see you).

Vanquished Creatures
  2 hydras
  A vault guard (D:13)
  2 boulder beetles
  4 two-headed ogres
  Nergalle (D:12)
  A skyshark (Lair:2)
  A deep troll (D:13)
  Pikel (D:7)
  2 orc knights
  A manticore (D:12)
  A cyclops (D:12)
  3 meliai (D:8)
  2 black mambas
  A kobold blastminer (Orc:2)
  3 cane toads
  2 rime drakes (Lair:3)
  An unseen horror (D:11)
  2 komodo dragons
  A troll (shapeshifter) (D:13)
  A polar bear (Lair:3)
  4 trolls
  A snapping turtle (Lair:2)
  7 slime creatures
  A water elemental (Lair:2)
  41 yaks
  Sigmund (D:2)
  2 shadows
  A wraith (D:12)
  5 wyverns
  2 wargs (Orc:2)
  6 basilisks
  A steam dragon (D:9)
  8 vampire mosquitoes
  2 nagas (Lair:3)
  An acid dragon (D:11)
  10 water moccasins
  Duvessa (D:6)
  2 black bears
  An ice beast (D:6)
  2 sky beasts
  7 orc warriors
  4 ogres
  7 centaurs
  A phantom (D:4)
  4 kobold brigands
  A lemure (D:7)
  A weeping skull (Ossuary)
  11 bullfrogs
  4 scorpions
  A gnoll sergeant (D:5)
  A burial acolyte (Ossuary)
  9 wights
  Dowan (D:6)
  15 killer bees
  3 howler monkeys
  4 electric eels
  19 orc priests
  A hound (D:5)
  A gnoll bouda (D:7)
  A sleepcap (D:7)
  3 iron imps (D:9)
  2 jellies (D:5)
  4 iguanas
  15 orc wizards
  4 mummies (Ossuary)
  8 gnolls
  10 adders
  3 river rats (Sewer)
  A white imp (D:7)
  2 ribbon worms
  3 dart slugs
  50 orcs
  4 bats
  6 endoplasms
  6 giant cockroaches
  3 gnoll zombies (Ossuary)
  10 goblins
  7 hobgoblins
  8 jackals
  28 kobolds
  2 quokkas
  10 ball pythons
  A frilled lizard (D:3)
  A jackal zombie (D:10)
  2 kobold zombies (Ossuary)
  3 orc zombies (Ossuary)
  27 rats
451 creatures vanquished.

Vanquished Creatures (others)
  An orc high priest (Orc:2)
  An arcanist (D:3)
  An orc priest (Orc:2)
  An orc wizard (Orc:2)
4 creatures vanquished.

Grand Total: 455 creatures vanquished

Notes
Turn   | Place    | Note
-------+----------+-------------------------------------------
     0 | D:1      | Killerpretzel the Octopode Shapeshifter began the quest for
                  | the Orb.
     0 | D:1      | Reached XP level 1. HP: 13/13 MP: 1/1
    74 | D:1      | Reached XP level 2. HP: 16/18 MP: 2/2
   392 | D:1      | Reached XP level 3. HP: 23/23 MP: 3/3
   630 | D:2      | Noticed Sigmund
   649 | D:1      | HP: 1/23 [poisoned by an adder]
   736 | D:2      | Killed Sigmund
   737 | D:2      | Reached skill level 4 in Shapeshifting
   737 | D:2      | Reached XP level 4. HP: 25/30 MP: 4/4
   737 | D:2      | Reached XP level 5. HP: 29/35 MP: 5/5
   967 | D:2      | You fall into a shaft and drop 2 floors!
  1110 | D:4      | Noticed an ogre
  1112 | D:4      | Reached XP level 6. HP: 41/41 MP: 6/6
  1281 | D:4      | Reached skill level 5 in Shapeshifting
  1281 | D:4      | Reached XP level 7. HP: 42/46 MP: 7/7
  1529 | D:4      | Found a sand-covered staircase.
  1534 | Ossuary  | Entered an ossuary
  2042 | D:2      | Found a runed translucent door.
  2043 | D:2      | Noticed Crazy Yiuf
  3230 | D:3      | Found a faded altar of an unknown god.
  3244 | D:3      | Found a shimmering blue altar of Sif Muna.
  3415 | D:3      | Found a bloodstained altar of Trog.
  3416 | D:3      | Noticed a wizard
  3422 | D:3      | Killed a wizard
  4234 | D:4      | Reached XP level 8. HP: 54/54 MP: 8/8
  4407 | D:5      | Entered Level 5 of the Dungeon
  4586 | D:5      | Reached skill level 5 in Unarmed Combat
  4586 | D:5      | Reached skill level 6 in Shapeshifting
  5090 | D:5      | Found a sacrificial altar of Ru.
  5296 | D:5      | Reached skill level 5 in Dodging
  5602 | D:6      | Found an opulent altar of Gozag.
  5653 | D:6      | Found a glowing drain.
  5672 | Sewer    | Entered a sewer
  5804 | Sewer    | Reached skill level 7 in Shapeshifting
  6338 | D:6      | Reached skill level 5 in Fighting
  6338 | D:6      | Reached XP level 9. HP: 61/61 MP: 9/9
  6487 | D:6      | Noticed Duvessa
  6695 | D:6      | Found a staircase to the Ecumenical Temple.
  6729 | D:6      | Found an iron altar of Okawaru.
  6771 | Temple   | Entered the Ecumenical Temple
  6787 | Temple   | Became a worshipper of Vehumet
  7026 | D:6      | Noticed Dowan
  7034 | D:6      | Killed Duvessa
  7038 | D:6      | Killed Dowan
  7438 | D:7      | Found an ancient bone altar of Kikubaaqudgha.
  7458 | D:7      | Noticed Pikel
  7468 | D:7      | Killed Pikel
  7469 | D:7      | Reached skill level 8 in Shapeshifting
  7632 | D:7      | Learned a level 1 spell: Apportation
  7902 | D:7      | Found a flagged portal.
  8180 | D:7      | Reached skill level 1 in Translocations
  8322 | D:8      | Noticed a meliai
  8359 | D:8      | Reached XP level 10. HP: 59/68 MP: 10/10
  8403 | D:8      | Noticed a meliai
  8404 | D:8      | Noticed a meliai
  8410 | D:8      | Killed a meliai
  8413 | D:8      | Killed a meliai
  8414 | D:8      | Killed a meliai
  8415 | D:8      | Reached skill level 9 in Shapeshifting
  8673 | D:8      | Reached * piety under Vehumet
  8673 | D:8      | Offered knowledge of Shock by Vehumet.
  9165 | D:9      | Reached XP level 11. HP: 75/75 MP: 11/11
  9226 | D:9      | Reached skill level 10 in Shapeshifting
  9403 | D:9      | Found a staircase to the Orcish Mines.
  9445 | D:9      | Reached ** piety under Vehumet
  9454 | D:9      | Offered knowledge of Searing Ray by Vehumet.
  9496 | D:9      | Noticed a two-headed ogre
  9505 | D:9      | Killed a two-headed ogre
  9548 | D:9      | Found a burning altar of Makhleb.
  9629 | D:9      | Found a broken altar of Ashenzari.
 10027 | D:9      | Found a staircase to the Lair.
 10185 | D:9      | Noticed a two-headed ogre
 10193 | D:9      | Killed a two-headed ogre
 10450 | D:10     | Entered Level 10 of the Dungeon
 10587 | D:10     | Reached skill level 5 in Translocations
 10727 | D:10     | Found a runed translucent door.
 10730 | D:10     | Found a basalt altar of Yredelemnul.
 10762 | D:10     | Offered knowledge of Dazzling Flash by Vehumet.
 10844 | D:10     | Reached skill level 11 in Shapeshifting
 11033 | D:10     | Reached *** piety under Vehumet
 11041 | D:10     | Reached XP level 12. HP: 76/83 MP: 12/12
 11575 | D:11     | Noticed a two-headed ogre
 11618 | D:11     | Killed a two-headed ogre
 11687 | D:11     | Offered knowledge of Ignite Poison by Vehumet.
 12055 | D:11     | Noticed a two-headed ogre
 12062 | D:11     | Killed a two-headed ogre
 12446 | D:12     | Noticed Nergalle
 12472 | D:12     | Killed Nergalle
 12744 | D:12     | Noticed a boulder beetle
 12768 | D:12     | Killed a boulder beetle
 13129 | D:13     | Noticed a boulder beetle
 13152 | D:13     | Killed a boulder beetle
 13153 | D:13     | Reached skill level 12 in Shapeshifting
 13475 | D:13     | Reached **** piety under Vehumet
 13970 | D:13     | Noticed a vault guard
 13985 | D:13     | Killed a vault guard
 13988 | D:13     | Reached XP level 13. HP: 87/90 MP: 13/13
 14005 | D:13     | Found a gate to the Vaults.
 14204 | Lair:1   | Entered Level 1 of the Lair of Beasts
 15006 | Lair:2   | Reached skill level 1 in Shields
 15014 | Lair:2   | Noticed Urug
 15084 | Lair:2   | Offered knowledge of Iskenderun's Battlesphere by Vehumet.
 15313 | Lair:2   | Found a staircase to the Shoals.
 15709 | Lair:3   | Reached skill level 10 in Unarmed Combat
 15721 | Lair:3   | Found a transporter.
 15721 | Lair:3   | Found a transporter.
 15806 | Lair:3   | Reached skill level 10 in Dodging
 16082 | Lair:3   | Found a staircase to the Snake Pit.
 16758 | Orc:1    | Entered Level 1 of the Orcish Mines
 16856 | Orc:2    | Entered Level 2 of the Orcish Mines
 16906 | Orc:2    | Reached skill level 13 in Shapeshifting
 17064 | Orc:2    | Found a staircase to the Elven Halls.
 17074 | Orc:2    | Reached ***** piety under Vehumet
 17129 | Orc:2    | Gained mutation: You sometimes lose your temper in combat.
                  | [a neqoxec]
 17131 | Orc:2    | HP: 7/207 [red devil/+0 trident[an orc high priest] (5)]
 17132 | Orc:2    | Slain by an ogre

Illustrated notes

Levels and vault maps discovered:
D:1:      dpeg_arrival_ratfight, layout_rooms
D:2:      layout_loops_ring, kennysheep_generic_room_2, uniq_sigmund,
          uniq_crazy_yiuf_cottage
D:3:      layout_loops_ring, led_sif_pool, trog_wizard,
          shapermc_ecumenical_altar_mp_ritualfount, corexii_shack
D:4:      layout_layer_cave, enter_ossuary_2, kennysheep_generic_room_16
D:5:      layout_gridville, lemuel_crystal_altar
D:6:      layout_cave_pods, mainiacjoe_overflow_small_starburst,
          marbit_many_paths, temple_hall, gup_sewer_entry_glass, uniq_duvessa
D:7:      layout_basic, enter_bailey_2, roadster_capsule_ark_zombie, uniq_pikel
D:8:      layout_basic, minivault_1, nrook_loot_triangle
D:9:      layout_rooms, cheibrodos_ashenzari_chains, demons_altar,
          erik_lair_dragon, minmay_orc_entry_temple_small, serial_rivers,
          chequers_serial_rivers_large_b, chequers_serial_rivers_small_a,
          chequers_serial_rivers_room_a, chequers_serial_rivers_micro_d,
          chequers_serial_rivers_room_a, chequers_serial_rivers_marsh,
          serial_park_tiny_pond, st_stairs_14, hangedman_abyss_or_decor_stagger
D:10:     layout_gridville, dk_yredelemnul_ordeal
D:11:     layout_stronghold
D:12:     layout_basic, corexii_checkpoint, uniq_nergalle
D:13:     layout_irregular_city, david_vaults_4
Temple:   eino_temple_water
Lair:1:   layout_gridlike, chequers_serial_rivers_micro_a, minivault_26,
          lemuel_fruit_tree, serial_bayou_shore_a
Lair:2:   layout_big_grid, minmay_shoals_entry_hut, dreamdust_mushroom_princess,
          uniq_urug
Lair:3:   gammafunk_boulding_lane, layout_small_grid,
          guppyfry_snake_entry_garden, grunt_megastairs_5,
          infiniplex_staircase_pool
Lair:4:   layout_small_grid, slime_entry_1, bobbens_ice_dragon_lair
Orc:1:    layout_caves
Orc:2:    st_orc_elflike, layout_caves, basic_altar, nicolae_orc_tapped_out

Skill      XL: |  1  2  3  4  5  6  7  8  9 10 11 12 13 |
---------------+----------------------------------------+-----
Fighting       | 2 3 5 6 7 8 9 |  9.9
Dodging        | 3 4 5 6 7 8 9 10 | 10.2
Shapeshifting  | 4 5 7 8 9 11 12 13 | 13.0
Unarmed Combat | 4 5 6 7 8 9 10 | 10.1
Translocations | 1 3 5 6 7 |  7.6
Shields        | 2 |  2.8

Action                     |  1- 3 |  4- 6 |  7- 9 | 10-12 | 13-15 || total
---------------------------+-------+-------+-------+-------+-------++-------
  Melee: Unarmed           |    48 |    42 |   288 |   526 |   213 ||  1117
         Tentacles         |     9 |    11 |    61 |   165 |    71 ||   317
         Constrict         |    14 |     7 |    79 |    66 |    30 ||   196
         Punch             |     1 |       |    14 |    51 |    16 ||    82
  Throw: Javelin           |       |       |    96 |    34 |    38 ||   168
         Boomerang         |       |       |     9 |       |    12 ||    21
  Evoke: Wand              |       |       |       |    19 |       ||    19
    Use: Scroll            |     5 |       |     7 |     7 |     8 ||    27
         Potion            |     2 |       |     3 |     7 |     4 ||    16
   Stab: Sleeping          |     4 |     4 |     7 |     3 |     9 ||    27
         Distracted        |       |       |     1 |     1 |       ||     2
         Invisible         |       |       |       |       |     3 ||     3
 Armour: Skin              |    27 |    17 |   122 |   255 |   115 ||   536
  Dodge: Dodged            |    27 |    15 |   152 |   388 |   250 ||   832
  Block: Buckler           |       |       |       |       |    76 ||    76
   Form: Storm             |       |       |     1 |       |       ||     1
         Beast             |       |       |     1 |       |       ||     1
